 Dungeon Crawl Stone Soup version 0.18.1-48-g4cf74bf (webtiles) character file.

11986 Alarkh the Marksmummy (level 11, -5/72 HPs)
             Began as a Mummy Hunter on Sept 7, 2016.
             Was an Elder of Okawaru.
             Slain by tyranidshit's ghost (13 damage)
             ... in a bailey.
             The game lasted 00:30:12 (15769 turns).

Alarkh the Marksmummy (Mummy Hunter)               Turns: 15769, Time: 00:30:13

Health: -5/72      AC: 12    Str: 16    XL:     11   Next: 56%
Magic:  9/11       EV: 11    Int: 15    God:    Okawaru [****..]
Gold:   619        SH:  0    Dex: 13    Spells: 0 memorised, 10 levels left

rFire  . . .     SeeInvis +     l - +3 quarterstaff (chaos)
rCold  + . .     Gourm    .     A - +3 leather armour {rF+}
rNeg   + + +     Faith    +     (shield currently unavailable)
rPois  ∞         Spirit   .     H - +2 helmet {SInv}
rElec  .         Dismiss  .     h - +0 cloak (curse)
rCorr  .         Reflect  .     x - +1 pair of gloves
SustAt .         Harm     .     (no boots)
MR     ++...                    F - amulet of faith
Stlth  +.........               g - ring of protection from magic
                                i - +2 ring of intelligence

@: very resistant to hostile enchantments, very unstealthy
A: no food or potions, fire vulnerability, cold resistance 1, negative energy
resistance 3, torment resistance, unbreathing
a: Heroism, Renounce Religion


You were in a bailey.
You worshipped Okawaru.
Okawaru was greatly pleased with you.
You were not hungry.

You visited 2 branches of the dungeon, and saw 13 of its levels.
You also visited: Bailey.

You collected 787 gold pieces.
You spent 168 gold pieces at shops.

Inventory:

Hand Weapons
 a - a +1 shortbow
 b - a +0 mace of protection
 l - a +3 quarterstaff of chaos (weapon)
 q - a +0 short sword
 G - a +2 dagger of electrocution
Missiles
 d - 33 arrows
 m - a throwing net (quivered)
Armour
 h - a cursed +0 cloak (worn)
 p - the +1 helmet of the Game of Kings {+Inv rN++}
   (You found it on level 4 of the Dungeon)

   It greatly protects you from negative energy.
   It lets you turn invisible.
 x - a +1 pair of gloves (worn)
 A - a +3 leather armour of fire resistance (worn)
 E - a +2 shield
 H - a +2 helmet of see invisible (worn)
Jewellery
 g - a ring of protection from magic (right hand)
 i - a +2 ring of intelligence (left hand)
 r - an uncursed amulet of magic regeneration
 F - an amulet of faith (around neck)
 I - an uncursed amulet of the gourmand
 J - an uncursed amulet of guardian spirit
Wands
 s - a wand of confusion (0/48)
 v - a wand of paralysis (0/24)
 w - a wand of heal wounds (2/9)
 B - a wand of slowing (12/48)
 D - a wand of random effects (36/48)
Scrolls
 c - a scroll of immolation
 e - a scroll of identify
 f - 7 scrolls of remove curse
 j - a scroll of magic mapping
 k - 2 scrolls of blinking {unknown}
 n - a scroll of amnesia
 o - 3 scrolls of random uselessness
 t - 2 scrolls of enchant weapon {unknown}
 u - a scroll of acquirement {unknown}
 y - 3 scrolls of enchant armour
 z - 2 scrolls of fog {unknown}
 C - a scroll of recharging


   Skills:
 - Level 2.0 Fighting
 + Level 15.1 Bows
 - Level 1.5 Dodging
 - Level 0.7 Stealth


You had 10 spell levels left.
You didn't know any spells.

Dungeon Overview and Level Annotations

Branches:
Dungeon (12/15)            Temple (1/1) D:5            Lair (0/8) D:11
    Orc (0/2) D:10

Altars:
Ashenzari
Cheibriados
Dithmenos
Elyvilon
Fedhas
Gozag
Kikubaaqudgha
Makhleb
Nemelex Xobeh
Okawaru
Pakellas
Qazlal
Ru
Sif Muna
Trog
Vehumet
Xom
Yredelemnul
Zin
The Shining One

Shops:
D:6 *

Annotations:
D:6 1 runed door Bailey tyranidshit's ghost, novice DsAK


Innate Abilities, Weirdness & Mutations

You do not eat or drink.
Your flesh is vulnerable to fire.
You are immune to poison.
Your flesh is cold resistant.
You are immune to negative energy.
You are immune to unholy pain and torment.
You can survive without breathing.


Message History

* * * LOW HITPOINT WARNING * * *
You sock tyranidshit's ghost!
Space bends around tyranidshit's ghost.
Tyranidshit's ghost is heavily damaged.
Tyranidshit's ghost hits you but does no damage.
Tyranidshit's ghost barely misses you.
You closely miss tyranidshit's ghost.
Tyranidshit's ghost is heavily damaged.
Tyranidshit's ghost hits you but does no damage.
You sock tyranidshit's ghost!
There is a sudden explosion of sparks!
Tyranidshit's ghost is severely damaged.
You feel like a meek peon again. Tyranidshit's ghost hits you.
* * * LOW HITPOINT WARNING * * *
Tyranidshit's ghost hits you but does no damage.
You miss tyranidshit's ghost.
Tyranidshit's ghost is severely damaged.
Tyranidshit's ghost hits you.
* * * LOW HITPOINT WARNING * * *
Tyranidshit's ghost hits you!
You die...

########################
∩.......................
........................
........................
........................
........................
................@W......
......≈≈≈≈≈≈≈≈≈≈≈≈≈≈≈≈≈≈
......≈≈#.#≈≈≈≈≈≈≈≈≈≈≈≈≈
......≈##.##≈≈≈≈≈≈≈≈≈≈≈≈
......≈..^..≈≈≈≈≈≈≈≈≈≈≈≈
......≈##.##≈≈≈≈≈≈≈≈≈≈≈≈
......≈≈#(#≈≈≈≈≈≈#######
......≈≈≈≈≈≈≈≈≈≈##
......≈≈≈≈≈≈≈


You could see tyranidshit's ghost (invisible).

Vanquished Creatures
  A hydra (D:9)
  The ghost of theElss the Destroyer, a novice HECj of Vehumet (D:6)
  An ugly thing (D:12)
  A guardian serpent (D:10)
  A troll (D:11)
  2 two-headed ogres (D:9)
  Sigmund (D:2)
  A shadow (D:12)
  A wyvern (D:9)
  A wraith (D:10)
  9 yaks
  4 hippogriffs
  3 vampire mosquitoes (D:11)
  4 hungry ghosts
  4 black bears
  6 orc warriors
  A phantom (D:7)
  2 sky beasts
  2 necrophages
  An eye of draining (D:9)
  9 ogres
  2 centaurs
  3 big kobolds
  10 giant frogs
  A wyvern zombie (D:10)
  Blork the orc (D:6)
  A gnoll sergeant (D:9)
  A wyvern skeleton (D:8)
  5 scorpions
  5 wights (D:6)
  3 howler monkeys
  A giant frog zombie (D:5)
  7 crimson imps
  2 jellies (D:6)
  A quasit (D:7)
  4 hounds
  7 orc priests
  Crazy Yiuf (D:2)
  2 centaur skeletons
  3 giant frog skeletons
  3 iguanas
  15 orc wizards
  Ijyb (D:2)
  Natasha (thrice) (D:2)
  8 worker ants
  2 hound skeletons
  A howler monkey zombie (D:5)
  8 gnolls
  10 adders
  A shadow imp (D:5)
  An ooze (D:6)
  An adder skeleton (D:5)
  5 worms
  A dart slug (D:5)
  8 giant geckos
  50 orcs
  10 bats
  5 giant cockroaches
  19 goblins
  12 hobgoblins
  8 jackals
  6 quokkas
  4 ball pythons
  A giant gecko skeleton (D:7)
  A giant gecko zombie (D:6)
  5 giant newts
  22 kobolds
  13 rats
340 creatures vanquished.

Vanquished Creatures (others)
  An adder zombie (D:9)
  A kobold (D:10)
2 creatures vanquished.

Grand Total: 342 creatures vanquished

Notes
Turn   | Place    | Note
--------------------------------------------------------------
     0 | D:1      | Alarkh the Mummy Hunter began the quest for the Orb.
     0 | D:1      | Reached XP level 1. HP: 16/16 MP: 1/1
   205 | D:1      | Reached XP level 2. HP: 19/22 MP: 2/2
   479 | D:1      | Reached skill level 4 in Bows
   659 | D:2      | Reached XP level 3. HP: 26/27 MP: 3/3
   685 | D:2      | Found a shadowy altar of Dithmenos.
   692 | D:2      | Noticed Sigmund
   701 | D:2      | Killed Sigmund
   701 | D:2      | Reached skill level 5 in Bows
   701 | D:2      | Reached XP level 4. HP: 27/33 MP: 4/4
   701 | D:2      | Reached XP level 5. HP: 31/38 MP: 5/5
   896 | D:2      | Noticed Natasha
   934 | D:2      | Killed Natasha
   967 | D:2      | Noticed Ijyb
   978 | D:2      | Killed Ijyb
   978 | D:2      | Reached skill level 6 in Bows
   978 | D:2      | Reached XP level 6. HP: 38/44 MP: 6/6
  1319 | D:2      | Noticed Natasha
  1329 | D:2      | Killed Natasha
  1669 | D:2      | Noticed Crazy Yiuf
  1679 | D:2      | Killed Crazy Yiuf
  1749 | D:2      | Noticed Natasha
  2049 | D:2      | Killed Natasha
  2210 | D:3      | Found a burning altar of Makhleb.
  2291 | D:3      | Found a glowing golden altar of the Shining One.
  2676 | D:3      | Found a sparkling altar of Nemelex Xobeh.
  2935 | D:3      | Reached skill level 7 in Bows
  2935 | D:3      | Reached XP level 7. HP: 46/50 MP: 7/7
  3651 | D:4      | Reached skill level 8 in Bows
  4024 | D:4      | Found a shattered altar of Ashenzari.
  4056 | D:4      | Got a bloodstained helmet
  4062 | D:4      | Identified the +1 helmet of the Game of Kings {+Inv rN++} (You found it on level 4 of the Dungeon)
  4395 | D:5      | Entered Level 5 of the Dungeon
  4434 | D:5      | Found a snail-covered altar of Cheibriados.
  4479 | D:5      | Reached XP level 8. HP: 23/56 MP: 8/8
  4864 | D:5      | Found a staircase to the Ecumenical Temple.
  4924 | Temple   | Entered the Ecumenical Temple
  5127 | Temple   | Became a worshipper of Warmaster Okawaru
  5192 | D:5      | Reached skill level 9 in Bows
  6015 | D:6      | Reached skill level 10 in Bows
  6061 | D:6      | Reached * piety under Okawaru
  6398 | D:6      | Noticed theElss's ghost (novice HECj)
  6765 | D:5      | Reached XP level 9. HP: 61/61 MP: 9/9
  7052 | D:6      | Killed theElss's ghost
  7114 | D:6      | Found a glowing golden altar of the Shining One.
  7114 | D:6      | Found a runed door.
  7115 | D:6      | Noticed an angel
  7128 | D:6      | Noticed Blork the orc
  7175 | D:6      | Killed Blork the orc
  7250 | D:6      | Reached skill level 11 in Bows
  7422 | D:6      | Found a white marble altar of Elyvilon.
  7545 | D:6      | Found Amena's General Store.
  7552 | D:6      | Bought a scroll of identify for 26 gold pieces
  7552 | D:6      | Bought a scroll of identify for 26 gold pieces
  7774 | D:6      | Bought 19 arrows for 49 gold pieces
  7774 | D:6      | Bought 26 arrows for 67 gold pieces
  7995 | D:7      | Reached ** piety under Okawaru
  8009 | D:7      | Reached skill level 12 in Bows
  8041 | D:7      | Reached XP level 10. HP: 28/67 MP: 10/10
  8141 | D:7      | Found a radiant altar of Vehumet.
  8410 | D:7      | Reached *** piety under Okawaru
  8685 | D:7      | Received a gift from Okawaru
  8952 | D:8      | Found a bloodstained altar of Trog.
  9129 | D:8      | Reached skill level 13 in Bows
  9259 | D:8      | Found a blossoming altar of Fedhas.
  9793 | D:9      | Received a gift from Okawaru
 10530 | D:9      | Noticed a rakshasa
 10575 | D:9      | Noticed a four-headed hydra
 10945 | D:9      | Reached **** piety under Okawaru
 11069 | D:9      | Noticed a brown ugly thing
 11069 | D:9      | Noticed a tengu warrior
 11070 | D:9      | Noticed a four-headed hydra
 11115 | D:9      | Killed a four-headed hydra
 11115 | D:9      | Reached skill level 14 in Bows
 11115 | D:9      | Reached XP level 11. HP: 22/72 MP: 11/11
 11343 | D:10     | Entered Level 10 of the Dungeon
 12044 | D:10     | Found a staircase to the Orcish Mines.
 13343 | D:10     | Received a gift from Okawaru
 14209 | D:11     | Found a shimmering altar of Xom.
 14628 | D:11     | Found a staircase to the Lair.
 14668 | D:11     | You fall through a shaft!
 14671 | D:12     | Noticed a green ugly thing
 14673 | D:12     | Found a flagged portal.
 14693 | D:12     | Killed a green ugly thing
 14693 | D:12     | Reached skill level 15 in Bows
 14715 | D:12     | Received a gift from Okawaru
 14786 | Bailey   | Entered a bailey
 15746 | Bailey   | Noticed tyranidshit's ghost (novice DsAK)
 15769 | Bailey   | Slain by tyranidshit's ghost

Skill      XL: |  1  2  3  4  5  6  7  8  9 10 11 |
---------------+----------------------------------+-----
Bows           | 4 5 6 7 8 10 12 14 15 | 15.1
Fighting       | |  2.0
Dodging        | |  1.5
Stealth        | |  0.7

Action                   |  1- 3 |  4- 6 |  7- 9 | 10-12 || total
-------------------------+-------+-------+-------+-------++-------
Melee: Short sword       |    25 |       |       |       ||    25
       Quarterstaff      |       |       |       |   102 ||   102
       Mace              |       |       |       |    12 ||    12
       Dagger            |       |       |       |     4 ||     4
 Fire: Shortbow          |    65 |   245 |   569 |   879 ||  1758
Throw: Throwing net      |       |       |       |     1 ||     1
Invok: Heroism           |       |       |     3 |    12 ||    15
Evoke: Wand              |       |       |     4 |    14 ||    18
  Use: Scroll            |       |     3 |     8 |    10 ||    21
Armor: Leather armour    |    11 |    21 |    74 |   163 ||   269
Dodge: Dodged            |    34 |    40 |    95 |   269 ||   438
